Carnivores vs Punishers
Created - January 29, 2020 at 20:07
Goals
|
| Carnivores |
4 |
1 |
1 |
6 |
| Punishers |
2 |
2 |
0 |
4 |
|
Shots
|
| Carnivores |
19 |
12 |
6 |
37 |
| Punishers |
10 |
12 |
10 |
32 |
|
1st period
1. Carnivores , T.J Brodie 3 (Mat Clark 15, Anton Gustafsson 27) at 1:25
2. Carnivores , Anton Gustafsson 18 (Joel Armia 16, Markus Granlund 25) at 5:22
3. Carnivores , Chris Lawrence 14 (Blake Geoffrion 26, Scott Laughton 16) at 7:26
4. Carnivores , Joel Armia 12 (T.J Brodie 13, Markus Granlund 26) at 8:25
5. Punishers , Robbie Earl 18 (Miikka Salomaki 20, Zack Hamill 32) at 8:39 (PP)
6. Punishers , Tyler Bertuzzi 11 (Radek Faksa 15, Jordan Schmaltz 22) at 9:30
Penalties :
Chris Lawrence (Bre) for Boarding (Minor) at 8:36, Jeremy Welsh (Bre) for Interference (Minor) at 10:00, Robbie Earl (Pro) for High sticking (Minor) at 14:55
2nd period
7. Carnivores , Jeremy Welsh 16 (T.J Brodie 14, Markus Granlund 27) at 4:22
8. Punishers , Garret Ross 18 (Andreas Athanasiou 19, Carter Ashton 21) at 8:04
9. Punishers , Zack Hamill 15 (Adam Pelech 13, Robbie Earl 12) at 16:33 (PP)
Penalties :
Jordan Schmaltz (Pro) for Roughing (Minor) at 4:29, Jeremy Welsh (Bre) for Roughing (Minor) at 14:07, Riley Barber (Bre) for Hooking (Minor) at 16:19, Mattias Backman (Bre) for Boarding (Minor) at 18:17
3rd period
10. Carnivores , Tony DeAngelo 3 (Unassisted) at 3:10
Penalties :
Joel Armia (Bre) for Hooking (Minor) at 11:15, John Quenneville (Pro) for Hooking (Minor) at 14:15, Andreas Athanasiou (Pro) for Hooking (Minor) at 17:08, Markus Granlund (Bre) for Hooking (Minor) at 19:54
Goalie Stats
Niklas Svedberg (Bre), 28 saves from 32 shots - (0.875), W, 9-12-2, 60:00 minutes
Louis Domingue (Pro), 22 saves from 24 shots - (0.917), L, 15-14-2, 51:35 minutes
Daniel Altshuller (Pro), 9 saves from 13 shots - (0.692), 8:25 minutes
Players Stats for Carnivores
Player Name G A P +/- PIM S H SB GA TA FO MP PP MP PK MP
------------------------------------------------------------------------------------
Andreas Englund 0 0 0 1 0 2 0 1 0 1 0/0 18:04 0:00 4:29
Anton Gustafsson 1 1 2 2 0 3 2 1 1 2 8/14 16:48 0:19 5:49
Blake Geoffrion 0 1 1 0 0 5 1 0 1 0 2/3 16:08 3:01 0:00
Chris Lawrence 1 0 1 0 2 6 0 0 0 2 1/2 23:49 3:01 5:46
Curtis Lazar 0 0 0 -1 0 0 0 0 0 0 4/6 6:29 0:00 0:00
David Fischer 0 0 0 1 0 4 2 2 0 1 0/0 27:04 4:34 4:04
Hunter Shinkaruk 0 0 0 0 0 1 0 0 0 0 0/0 8:09 0:38 0:37
Jeremy Welsh 1 0 1 2 4 1 1 0 1 0 0/0 17:01 4:04 0:00
Joel Armia 1 1 2 2 2 2 1 0 0 0 1/2 17:28 4:04 0:00
Mark McNeill 0 0 0 2 0 1 4 0 1 1 0/1 11:34 0:51 1:52
Markus Granlund 0 3 3 2 2 2 4 2 0 0 4/7 19:19 4:04 1:52
Mat Clark 0 1 1 1 0 1 2 2 1 1 0/0 22:43 3:22 3:49
Mattias Backman 0 0 0 1 2 0 1 1 0 0 0/0 12:39 0:00 0:00
Nicolas Kerdiles 0 0 0 0 0 0 0 0 0 0 0/0 1:50 0:51 0:40
Oskar Lindblom 0 0 0 2 0 0 1 0 0 0 0/0 8:17 0:00 0:00
Riley Barber 0 0 0 0 2 1 0 0 0 0 0/0 6:41 0:00 0:00
Scott Laughton 0 1 1 0 0 5 3 0 0 0 14/29 16:06 2:55 0:00
T.J Brodie 1 2 3 1 0 3 0 2 0 0 0/0 20:40 3:22 3:49
Tony DeAngelo 1 0 1 2 0 0 0 3 0 0 0/0 19:38 4:34 0:25
Trevor Van Riemsdyk 0 0 0 1 0 0 0 0 0 0 0/0 1:07 0:00 0:00
Players Stats for Punishers
Player Name G A P +/- PIM S H SB GA TA FO MP PP MP PK MP
------------------------------------------------------------------------------------
Adam Pelech 0 1 1 -2 0 3 4 0 1 1 0/0 27:47 5:34 4:28
Alex Schoenborn 0 0 0 0 0 0 0 0 0 0 0/0 0:20 0:00 0:00
Andreas Athanasiou 0 1 1 -1 2 0 3 0 0 0 9/14 17:17 4:24 1:12
Austen Brassard 0 0 0 0 0 1 2 0 0 0 0/0 9:32 0:00 0:00
Carter Ashton 0 1 1 -1 0 1 1 0 0 0 0/0 15:06 4:24 0:00
Daniel Audette 0 0 0 0 0 0 0 0 0 0 0/0 2:47 0:00 2:21
Dylan DeMelo 0 0 0 -2 0 0 2 1 0 2 0/0 11:20 0:00 0:42
Garret Ross 1 0 1 -1 0 3 1 1 0 1 0/0 15:41 4:24 0:35
John Macfarland 0 0 0 0 0 0 0 0 0 0 0/1 3:05 0:00 2:17
John Quenneville 0 0 0 -3 2 1 2 0 0 0 3/4 6:52 0:00 0:00
Jordan Schmaltz 0 1 1 -1 2 3 1 1 1 0 0/0 25:35 2:44 2:39
Madison Bowey 0 0 0 -2 0 3 0 1 0 0 0/0 21:32 2:44 3:33
Michael Joly 0 0 0 -3 0 0 0 0 0 0 0/0 6:43 0:00 0:00
Miikka Salomaki 0 1 1 0 0 2 0 1 1 1 1/2 22:09 3:54 1:52
Nikita Gusev 0 0 0 -3 0 2 0 0 0 0 0/0 6:40 0:00 0:00
Radek Faksa 0 1 1 0 0 3 1 0 0 0 2/7 10:34 0:00 0:36
Robbie Earl 1 1 2 0 2 3 2 2 3 0 0/2 23:06 3:54 3:00
Slava Voynov 0 0 0 -1 0 1 2 5 2 0 0/0 33:31 5:34 4:30
Tyler Bertuzzi 1 0 1 0 0 3 2 0 0 0 0/0 9:32 0:00 0:00
Zack Hamill 1 1 2 0 0 3 0 2 0 0 15/34 22:51 3:54 3:59
3 Stars
1 - T.J Brodie (Bre)
2 - Anton Gustafsson (Bre)
3 - Markus Granlund (Bre)
Power Play
Carnivores - 0 on 3 Attempt(s) - 0.00%
Punishers - 2 on 8 Attempt(s) - 25.00%
Penalty Kill
Carnivores - 6 on 8 Attempt(s) - 75.00%
- Score 0 goal in Penalty Kill
Punishers - 3 on 3 Attempt(s) - 100.00%
- Score 0 goal in Penalty Kill
Team Stat
Carnivores - Hits : 22 - Faceoff Wins : 34 - Blocked Shots : 14 - Penalty Minutes : 14
Punishers - Hits : 23 - Faceoff Wins : 30 - Blocked Shots : 14 - Penalty Minutes : 8
Official
Referees : Unknown
Linesman : Unknown
Game Notes
Louis Domingue enters game at 8:25 of 1st period
3:10 of 3rd period - Penalty Shot by Tony DeAngelo for Carnivores - Goal!
Finance
Level 1 -- Attendance: 1226 (61.30%) -- Ticket Income $49,040
Level 2 -- Attendance: 675 (67.50%) -- Ticket Income $13,500
Total Attendance: 1901 (63.37%)
Total Ticket Income: $62,540
Other Income: $3,127
Total Income: $65,667
Carnivores
5 vs 5 Forward
Center Left Wing Right Wing Time % Phy DF OF
1 Scott Laughton Blake Geoffrion Chris Lawrence 40 1 2 2
2 Markus Granlund Jeremy Welsh Joel Armia 30 1 2 2
3 Anton Gustafsson Oskar Lindblom Mark McNeill 20 1 2 2
4 Curtis Lazar Hunter Shinkaruk Riley Barber 10 1 2 2
5 vs 5 Defense
Defense Defense Time % Phy DF OF
1 David Fischer Tony DeAngelo 40 1 2 2
2 Mat Clark T.J Brodie 30 1 2 2
3 Andreas Englund Mattias Backman 20 1 2 2
4 David Fischer Mat Clark 10 1 2 2
PowerPlay Forward
Center Left Wing Right Wing Time % Phy DF OF
1 Scott Laughton Blake Geoffrion Chris Lawrence 60 1 2 2
2 Markus Granlund Jeremy Welsh Joel Armia 40 1 2 2
PowerPlay Defense
Defense Defense Time % Phy DF OF
1 David Fischer Tony DeAngelo 60 1 2 2
2 Mat Clark T.J Brodie 40 1 2 2
Penalty Kill 4 Players Forward
Center Wing Time % Phy DF OF
1 Anton Gustafsson Chris Lawrence 60 1 2 2
2 Markus Granlund Mark McNeill 40 1 2 2
Penalty Kill 4 Players Defense
Defense Defense Time % Phy DF OF
1 Andreas Englund David Fischer 60 1 2 2
2 Mat Clark T.J Brodie 40 1 2 2
Penalty Kill - 3 Players Forward
Forward Time % Phy DF OF
1 Chris Lawrence 60 1 2 2
2 Anton Gustafsson 40 1 2 2
Penalty Kill - 3 Players Defense
Defense Defense Time % Phy DF OF
1 Andreas Englund David Fischer 60 1 2 2
2 Mat Clark T.J Brodie 40 1 2 2
4 vs 4 Forward
Center Wing Time % Phy DF OF
1 Anton Gustafsson Chris Lawrence 60 1 3 1
2 Markus Granlund Nicolas Kerdiles 40 1 3 1
4 vs 4 Defense
Defense Defense Time % Phy DF OF
1 Tony DeAngelo David Fischer 60 1 4 0
2 Mat Clark T.J Brodie 40 1 4 0
Last Minutes Offensive
Center Left Wing Right Wing Defense Defense
Markus Granlund Blake Geoffrion Chris Lawrence Tony DeAngelo David Fischer
Last Minutes Defensive
Center Left Wing Right Wing Defense Defense
Anton Gustafsson Nicolas Kerdiles Chris Lawrence Mat Clark David Fischer
Goaltenders
Starting : Niklas Svedberg
Backup : Tristan Jarry
Extra Forwards
Normal : Hunter Shinkaruk, Markus Granlund, Anton Gustafsson - PP : Hunter Shinkaruk, Joel Armia - PK : Nicolas Kerdiles
Extra Defensemen
Normal : Trevor Van Riemsdyk, Tony DeAngelo, Andreas Englund - PP : Trevor Van Riemsdyk - PK : Tony DeAngelo, Mattias Backman
Penalty Shots
Blake Geoffrion, Anton Gustafsson, Chris Lawrence, Jeremy Welsh, Scott Laughton
Scratches
Ryan Olsen (Healthy), Adam Almquist (Healthy), Stanislav Galiev (Healthy), Mark MacMillan (Healthy), Lucas Wallmark (Healthy)
Troy Bourke (Healthy), Alexandre Mallet (Healthy), Josh Wesley (Healthy), Linus Ullmark (Healthy)
Punishers
5 vs 5 Forward
Center Left Wing Right Wing Time % Phy DF OF
1 Zack Hamill Robbie Earl Miikka Salomaki 40 1 2 2
2 Andreas Athanasiou Garret Ross Carter Ashton 30 1 2 2
3 Radek Faksa Tyler Bertuzzi Austen Brassard 20 1 2 2
4 John Quenneville Nikita Gusev Michael Joly 10 1 2 2
5 vs 5 Defense
Defense Defense Time % Phy DF OF
1 Slava Voynov Adam Pelech 40 1 2 2
2 Jordan Schmaltz Madison Bowey 30 1 2 2
3 Dylan DeMelo Slava Voynov 20 1 2 2
4 Adam Pelech Jordan Schmaltz 10 1 2 2
PowerPlay Forward
Center Left Wing Right Wing Time % Phy DF OF
1 Zack Hamill Robbie Earl Miikka Salomaki 60 1 2 2
2 Andreas Athanasiou Garret Ross Carter Ashton 40 1 2 2
PowerPlay Defense
Defense Defense Time % Phy DF OF
1 Slava Voynov Adam Pelech 60 1 2 2
2 Jordan Schmaltz Madison Bowey 40 1 2 2
Penalty Kill 4 Players Forward
Center Wing Time % Phy DF OF
1 Zack Hamill Robbie Earl 60 1 2 2
2 Miikka Salomaki Andreas Athanasiou 40 1 2 2
Penalty Kill 4 Players Defense
Defense Defense Time % Phy DF OF
1 Slava Voynov Adam Pelech 60 1 2 2
2 Jordan Schmaltz Madison Bowey 40 1 2 2
Penalty Kill - 3 Players Forward
Forward Time % Phy DF OF
1 Zack Hamill 60 1 2 2
2 Robbie Earl 40 1 2 2
Penalty Kill - 3 Players Defense
Defense Defense Time % Phy DF OF
1 Slava Voynov Adam Pelech 60 1 2 2
2 Jordan Schmaltz Madison Bowey 40 1 2 2
4 vs 4 Forward
Center Wing Time % Phy DF OF
1 Zack Hamill Robbie Earl 60 1 2 2
2 Miikka Salomaki Andreas Athanasiou 40 1 2 2
4 vs 4 Defense
Defense Defense Time % Phy DF OF
1 Slava Voynov Adam Pelech 60 1 2 2
2 Jordan Schmaltz Madison Bowey 40 1 2 2
Last Minutes Offensive
Center Left Wing Right Wing Defense Defense
Zack Hamill Robbie Earl Miikka Salomaki Slava Voynov Adam Pelech
Last Minutes Defensive
Center Left Wing Right Wing Defense Defense
Zack Hamill Robbie Earl Miikka Salomaki Slava Voynov Adam Pelech
Goaltenders
Starting : Daniel Altshuller
Backup : Louis Domingue
Extra Forwards
Normal : John Macfarland, Alex Schoenborn, Daniel Audette - PP : John Macfarland, Alex Schoenborn - PK : Daniel Audette
Extra Defensemen
Normal : Dylan DeMelo, Madison Bowey, Slava Voynov - PP : Dylan DeMelo - PK : Madison Bowey, Slava Voynov
Penalty Shots
Zack Hamill, Robbie Earl, Miikka Salomaki, Andreas Athanasiou, Radek Faksa
Scratches
Ben Betker (Back Injury)
% Time on Ice - Carnivores
Lines # - Real PCT - Wanted PCT - Time Play
Normal Forward
1 - 36% - 40% - 15:45
2 - 30% - 30% - 13:14
3 - 19% - 20% - 8:17
4 - 15% - 10% - 6:30
Normal Defense
1 - 40% - 40% - 17:30
2 - 31% - 30% - 13:29
3 - 25% - 20% - 10:44
4 - 5% - 10% - 2:03
PP Forward
1 - 49% - 60% - 3:52
2 - 51% - 40% - 4:04
PP Defense
1 - 58% - 60% - 4:34
2 - 42% - 40% - 3:22
PK Forward
1 - 78% - 60% - 6:26
2 - 22% - 40% - 1:52
PK Defense
1 - 54% - 60% - 4:29
2 - 46% - 40% - 3:49
PK3 Forward
1 - 0% - 60%
2 - 0% - 40%
PK3 Defense
1 - 0% - 60%
2 - 0% - 40%
44 Forward
1 - 0% - 60%
2 - 0% - 40%
44 Defense
1 - 0% - 60%
2 - 0% - 40%
Last Minute Offensive - 0:00
Last Minute Defensive - 0:00
Total
Forward - 60:00
Defense - 60:00
|
% Time on Ice - Punishers
Lines # - Real PCT - Wanted PCT - Time Play
Normal Forward
1 - 35% - 40% - 15:30
2 - 28% - 30% - 12:04
3 - 22% - 20% - 9:32
4 - 15% - 10% - 6:40
Normal Defense
1 - 34% - 40% - 14:41
2 - 35% - 30% - 15:15
3 - 22% - 20% - 9:37
4 - 10% - 10% - 4:13
PP Forward
1 - 47% - 60% - 3:54
2 - 53% - 40% - 4:24
PP Defense
1 - 67% - 60% - 5:34
2 - 33% - 40% - 2:44
PK Forward
1 - 76% - 60% - 6:04
2 - 24% - 40% - 1:52
PK Defense
1 - 48% - 60% - 3:47
2 - 52% - 40% - 4:09
PK3 Forward
1 - 0% - 60%
2 - 0% - 40%
PK3 Defense
1 - 0% - 60%
2 - 0% - 40%
44 Forward
1 - 0% - 60%
2 - 0% - 40%
44 Defense
1 - 0% - 60%
2 - 0% - 40%
Last Minute Offensive - 0:00
Last Minute Defensive - 0:00
Total
Forward - 60:00
Defense - 60:00
|
Play-by-Play
1st period
0:01 of 1st period - Zack Hamill wins face-off versus Scott Laughton in neutral zone.
0:26 of 1st period - Markus Granlund is hit by Adam Pelech and loses puck.
0:35 of 1st period - Snap shot by Jeremy Welsh.
0:35 of 1st period - Shot Blocked by Slava Voynov.
1:17 of 1st period - Slapshot by T.J Brodie.
1:17 of 1st period - Shot Misses the Net.
1:19 of 1st period - Wrist shot by Anton Gustafsson.
1:19 of 1st period - Stopped by Daniel Altshuller with a rebound.
1:21 of 1st period - Slapshot by Mat Clark.
1:21 of 1st period - Shot Hit the Post.
1:23 of 1st period - Slapshot by T.J Brodie.
1:23 of 1st period - Shot Misses the Net.
1:25 of 1st period - Wrist shot by T.J Brodie.
1:25 of 1st period - Deflect By Jordan Schmaltz.
1:25 of 1st period - Goal by T.J Brodie - Carnivores : 1 - Punishers : 0.
1:26 of 1st period - Scott Laughton wins face-off versus Zack Hamill in neutral zone.
1:51 of 1st period - Slava Voynov is hit by Markus Granlund and loses puck.
1:58 of 1st period - Wrist shot by Markus Granlund.
1:58 of 1st period - Stopped by Daniel Altshuller with a rebound.
2:00 of 1st period - Wrist shot by Tony DeAngelo.
2:00 of 1st period - Shot Blocked by Dylan DeMelo.
2:02 of 1st period - Slapshot by Tony DeAngelo.
2:02 of 1st period - Deflect By Markus Granlund.
2:02 of 1st period - Stopped by Daniel Altshuller with a rebound.
2:42 of 1st period - Slava Voynov is hit by Mark McNeill and loses puck.
3:34 of 1st period - Snap shot by John Quenneville.
3:34 of 1st period - Deflect By Nikita Gusev.
3:34 of 1st period - Stopped by Niklas Svedberg with a rebound.
3:39 of 1st period - Off-side.
3:40 of 1st period - Curtis Lazar wins face-off versus Zack Hamill in neutral zone.
3:56 of 1st period - Icing by Tony DeAngelo.
3:57 of 1st period - Andreas Athanasiou wins face-off versus Curtis Lazar in Carnivores zone.
3:58 of 1st period - Wrist shot by Garret Ross.
3:58 of 1st period - Stopped by Niklas Svedberg with a rebound.
4:20 of 1st period - Slapshot by David Fischer.
4:20 of 1st period - Stopped by Daniel Altshuller with a rebound.
4:22 of 1st period - Slapshot by Hunter Shinkaruk.
4:22 of 1st period - Stopped by Daniel Altshuller with a rebound.
4:24 of 1st period - Wrist shot by David Fischer.
4:24 of 1st period - Shot Blocked by Madison Bowey.
4:26 of 1st period - Snap shot by Riley Barber.
4:26 of 1st period - Stopped by Daniel Altshuller with a rebound.
4:28 of 1st period - Wrist shot by David Fischer.
4:28 of 1st period - Stopped by Daniel Altshuller with a rebound.
4:30 of 1st period - Snap shot by Riley Barber.
4:30 of 1st period - Deflect By Hunter Shinkaruk.
4:30 of 1st period - Shot Misses the Net.
4:30 of 1st period - Puck is out of play.
4:31 of 1st period - Zack Hamill wins face-off versus Scott Laughton in Punishers zone.
4:36 of 1st period - Scott Laughton is hit by Adam Pelech and loses puck.
5:22 of 1st period - Snap shot by Anton Gustafsson.
5:22 of 1st period - Goal by Anton Gustafsson - Carnivores : 2 - Punishers : 0.
5:23 of 1st period - Zack Hamill wins face-off versus Scott Laughton in neutral zone.
5:59 of 1st period - Snap shot by Mark McNeill.
5:59 of 1st period - Stopped by Daniel Altshuller with a rebound.
6:01 of 1st period - Slapshot by Mat Clark.
6:01 of 1st period - Stopped by Daniel Altshuller with a rebound.
6:11 of 1st period - Markus Granlund is hit by Garret Ross and loses puck.
7:10 of 1st period - Wrist shot by Markus Granlund.
7:10 of 1st period - Shot Misses the Net.
7:12 of 1st period - Snap shot by Mattias Backman.
7:12 of 1st period - Shot Blocked by Slava Voynov.
7:14 of 1st period - Wrist shot by Mattias Backman.
7:14 of 1st period - Deflect By Markus Granlund.
7:14 of 1st period - Shot Misses the Net.
7:14 of 1st period - Puck is out of play.
7:15 of 1st period - Scott Laughton wins face-off versus Andreas Athanasiou in Punishers zone.
7:26 of 1st period - Wrist shot by Chris Lawrence.
7:26 of 1st period - Goal by Chris Lawrence - Carnivores : 3 - Punishers : 0.
7:27 of 1st period - Scott Laughton wins face-off versus Zack Hamill in neutral zone.
7:32 of 1st period - Wrist shot by Chris Lawrence.
7:32 of 1st period - Shot Misses the Net.
7:44 of 1st period - Tony DeAngelo is hit by Adam Pelech and loses puck.
7:55 of 1st period - Slava Voynov is hit by Anton Gustafsson.
8:05 of 1st period - Snap shot by Garret Ross.
8:05 of 1st period - Shot Blocked by Anton Gustafsson.
8:19 of 1st period - Snap shot by Markus Granlund.
8:19 of 1st period - Shot Misses the Net.
8:25 of 1st period - Slapshot by Joel Armia.
8:25 of 1st period - Goal by Joel Armia - Carnivores : 4 - Punishers : 0.
8:25 of 1st period - Louis Domingue enters game.
8:26 of 1st period - Zack Hamill wins face-off versus Scott Laughton in neutral zone.
8:36 of 1st period - Minor Penalty to Chris Lawrence for Boarding.
8:37 of 1st period - Zack Hamill wins face-off versus Anton Gustafsson in Carnivores zone.
8:37 of 1st period - Wrist shot by Miikka Salomaki.
8:37 of 1st period - Shot Blocked by David Fischer.
8:39 of 1st period - Backhand shot by Robbie Earl.
8:39 of 1st period - Goal by Robbie Earl - Carnivores : 4 - Punishers : 1.
8:40 of 1st period - Scott Laughton wins face-off versus Zack Hamill in neutral zone.
8:54 of 1st period - Snap shot by Robbie Earl.
8:54 of 1st period - Stopped by Niklas Svedberg with a rebound.
9:10 of 1st period - Slapshot by Slava Voynov.
9:10 of 1st period - Stopped by Niklas Svedberg with a rebound.
9:12 of 1st period - Slapshot by Garret Ross.
9:12 of 1st period - Shot Blocked by Tony DeAngelo.
9:14 of 1st period - Snap shot by Adam Pelech.
9:14 of 1st period - Stopped by Niklas Svedberg without a rebound.
9:15 of 1st period - Radek Faksa wins face-off versus Chris Lawrence in Carnivores zone.
9:30 of 1st period - Wrist shot by Tyler Bertuzzi.
9:30 of 1st period - Goal by Tyler Bertuzzi - Carnivores : 4 - Punishers : 2.
9:31 of 1st period - Scott Laughton wins face-off versus Zack Hamill in neutral zone.
10:00 of 1st period - Minor Penalty to Jeremy Welsh for Interference.
10:01 of 1st period - Anton Gustafsson wins face-off versus Zack Hamill in Carnivores zone.
10:49 of 1st period - Slapshot by T.J Brodie.
10:49 of 1st period - Stopped by Louis Domingue without a rebound.
10:50 of 1st period - Andreas Athanasiou wins face-off versus Anton Gustafsson in Punishers zone.
10:55 of 1st period - Snap shot by Garret Ross.
10:55 of 1st period - Shot Misses the Net.
10:57 of 1st period - Slapshot by Madison Bowey.
10:57 of 1st period - Shot Blocked by T.J Brodie.
10:59 of 1st period - Slapshot by Madison Bowey.
10:59 of 1st period - Stopped by Niklas Svedberg without a rebound.
11:00 of 1st period - Andreas Athanasiou wins face-off versus Anton Gustafsson in Carnivores zone.
12:00 of 1st period - Penalty to Jeremy Welsh is over, Jeremy Welsh is back on ice.
12:18 of 1st period - Andreas Englund is hit by Tyler Bertuzzi and loses puck.
12:31 of 1st period - Andreas Englund is hit by Dylan DeMelo and loses puck.
13:07 of 1st period - Icing by Anton Gustafsson.
13:08 of 1st period - Anton Gustafsson wins face-off versus Zack Hamill in Carnivores zone.
13:08 of 1st period - Anton Gustafsson is hit by Robbie Earl.
13:58 of 1st period - Wrist shot by Blake Geoffrion.
13:58 of 1st period - Stopped by Louis Domingue with a rebound.
14:04 of 1st period - Blake Geoffrion is hit by Austen Brassard and loses puck.
14:14 of 1st period - Icing by Jordan Schmaltz.
14:15 of 1st period - Curtis Lazar wins face-off versus Radek Faksa in Punishers zone.
14:46 of 1st period - Snap shot by Robbie Earl.
14:46 of 1st period - Shot Hit the Post.
14:48 of 1st period - Slapshot by Madison Bowey.
14:48 of 1st period - Shot Blocked by Mat Clark.
14:50 of 1st period - Slapshot by Madison Bowey.
14:50 of 1st period - Deflect By Miikka Salomaki.
14:50 of 1st period - Stopped by Niklas Svedberg without a rebound.
14:51 of 1st period - Markus Granlund wins face-off versus Zack Hamill in Carnivores zone.
14:55 of 1st period - Minor Penalty to Robbie Earl for High sticking.
14:56 of 1st period - Zack Hamill wins face-off versus Scott Laughton in Punishers zone.
15:05 of 1st period - Snap shot by Blake Geoffrion.
15:05 of 1st period - Shot Misses the Net.
15:07 of 1st period - Snap shot by David Fischer.
15:07 of 1st period - Stopped by Louis Domingue with a rebound.
15:09 of 1st period - Snap shot by Chris Lawrence.
15:09 of 1st period - Shot Hit the Post.
15:11 of 1st period - Slapshot by David Fischer.
15:11 of 1st period - Deflect By Chris Lawrence.
15:11 of 1st period - Stopped by Louis Domingue with a rebound.
16:19 of 1st period - Radek Faksa is hit by Markus Granlund and loses puck.
16:53 of 1st period - Wrist shot by Andreas Athanasiou.
16:53 of 1st period - Shot Misses the Net.
16:55 of 1st period - Penalty to Robbie Earl is over, Robbie Earl is back on ice.
17:11 of 1st period - Jordan Schmaltz is hit by Markus Granlund and loses puck.
17:38 of 1st period - Jeremy Welsh is hit by Robbie Earl and loses puck.
17:49 of 1st period - Snap shot by Miikka Salomaki.
17:49 of 1st period - Shot Misses the Net.
17:51 of 1st period - Snap shot by Madison Bowey.
17:51 of 1st period - Stopped by Niklas Svedberg with a rebound.
17:53 of 1st period - Wrist shot by Robbie Earl.
17:53 of 1st period - Shot Blocked by Markus Granlund.
18:09 of 1st period - Slapshot by David Fischer.
18:09 of 1st period - Stopped by Louis Domingue without a rebound.
18:10 of 1st period - Scott Laughton wins face-off versus Radek Faksa in Punishers zone.
18:49 of 1st period - Snap shot by Slava Voynov.
18:49 of 1st period - Shot Blocked by Andreas Englund.
19:01 of 1st period - Wrist shot by Hunter Shinkaruk.
19:01 of 1st period - Deflect By Anton Gustafsson.
19:01 of 1st period - Shot Misses the Net.
19:01 of 1st period - Puck is out of play.
19:02 of 1st period - Anton Gustafsson wins face-off versus John Macfarland in Punishers zone.
19:24 of 1st period - Icing by Anton Gustafsson.
19:25 of 1st period - John Quenneville wins face-off versus Scott Laughton in Carnivores zone.
19:26 of 1st period - Snap shot by Nikita Gusev.
19:26 of 1st period - Deflect By John Quenneville.
19:26 of 1st period - Shot Misses the Net.
19:26 of 1st period - Puck is out of play.
19:27 of 1st period - Scott Laughton wins face-off versus John Quenneville in Carnivores zone.
19:27 of 1st period - Scott Laughton is hit by John Quenneville.
19:33 of 1st period - Wrist shot by Blake Geoffrion.
19:33 of 1st period - Stopped by Louis Domingue with a rebound.
Goals for this period are 4 for Carnivores vs 2 for Punishers.
Shots for this period are 19 for Carnivores vs 10 for Punishers.
2nd period
0:01 of 2nd period - Scott Laughton wins face-off versus Zack Hamill in neutral zone.
0:04 of 2nd period - Snap shot by Chris Lawrence.
0:04 of 2nd period - Deflect By Scott Laughton.
0:04 of 2nd period - Stopped by Louis Domingue with a rebound.
0:06 of 2nd period - Wrist shot by Blake Geoffrion.
0:06 of 2nd period - Shot Blocked by Robbie Earl.
0:08 of 2nd period - Snap shot by Blake Geoffrion.
0:08 of 2nd period - Shot Blocked by Miikka Salomaki.
0:10 of 2nd period - Slapshot by David Fischer.
0:10 of 2nd period - Shot Blocked by Zack Hamill.
0:12 of 2nd period - Snap shot by Scott Laughton.
0:12 of 2nd period - Stopped by Louis Domingue with a rebound.
0:14 of 2nd period - Wrist shot by David Fischer.
0:14 of 2nd period - Deflect By Scott Laughton.
0:14 of 2nd period - Stopped by Louis Domingue with a rebound.
0:16 of 2nd period - Wrist shot by Scott Laughton.
0:16 of 2nd period - Shot Blocked by Robbie Earl.
0:37 of 2nd period - Slapshot by Carter Ashton.
0:37 of 2nd period - Shot Misses the Net.
0:51 of 2nd period - Wrist shot by Mark McNeill.
0:51 of 2nd period - Shot Misses the Net.
1:17 of 2nd period - David Fischer is hit by Slava Voynov and loses puck.
2:30 of 2nd period - Slava Voynov is hit by Mark McNeill and loses puck.
3:26 of 2nd period - Snap shot by Markus Granlund.
3:26 of 2nd period - Shot Misses the Net.
3:28 of 2nd period - Slapshot by Mat Clark.
3:28 of 2nd period - Deflect By Joel Armia.
3:28 of 2nd period - Stopped by Louis Domingue without a rebound.
3:29 of 2nd period - John Quenneville wins face-off versus Markus Granlund in Punishers zone.
3:29 of 2nd period - John Quenneville is hit by Joel Armia.
3:49 of 2nd period - Wrist shot by Jeremy Welsh.
3:49 of 2nd period - Shot Blocked by Jordan Schmaltz.
3:51 of 2nd period - Snap shot by T.J Brodie.
3:51 of 2nd period - Shot Misses the Net.
4:20 of 2nd period - Wrist shot by Markus Granlund.
4:20 of 2nd period - Shot Misses the Net.
4:22 of 2nd period - Slapshot by T.J Brodie.
4:22 of 2nd period - Deflect By Jeremy Welsh.
4:22 of 2nd period - Goal by Jeremy Welsh - Carnivores : 5 - Punishers : 2.
4:23 of 2nd period - Scott Laughton wins face-off versus Zack Hamill in neutral zone.
4:29 of 2nd period - Minor Penalty to Jordan Schmaltz for Roughing.
4:30 of 2nd period - Zack Hamill wins face-off versus Blake Geoffrion in Punishers zone.
4:30 of 2nd period - Zack Hamill is hit by Blake Geoffrion.
4:45 of 2nd period - Wrist shot by Chris Lawrence.
4:45 of 2nd period - Shot Misses the Net.
6:29 of 2nd period - Penalty to Jordan Schmaltz is over, Jordan Schmaltz is back on ice.
7:10 of 2nd period - David Fischer is hit by Tyler Bertuzzi and loses puck.
8:02 of 2nd period - Wrist shot by Andreas Athanasiou.
8:02 of 2nd period - Shot Blocked by T.J Brodie.
8:04 of 2nd period - Snap shot by Garret Ross.
8:04 of 2nd period - Goal by Garret Ross - Carnivores : 5 - Punishers : 3.
8:05 of 2nd period - Miikka Salomaki wins face-off versus Scott Laughton in neutral zone.
8:18 of 2nd period - Wrist shot by Miikka Salomaki.
8:18 of 2nd period - Stopped by Niklas Svedberg without a rebound.
8:19 of 2nd period - Zack Hamill wins face-off versus Scott Laughton in Carnivores zone.
8:34 of 2nd period - Snap shot by Chris Lawrence.
8:34 of 2nd period - Stopped by Louis Domingue with a rebound.
8:44 of 2nd period - Jeremy Welsh is hit by Carter Ashton and loses puck.
9:09 of 2nd period - Wrist shot by Curtis Lazar.
9:09 of 2nd period - Shot Misses the Net.
9:11 of 2nd period - Wrist shot by Hunter Shinkaruk.
9:11 of 2nd period - Shot Blocked by Slava Voynov.
9:13 of 2nd period - Slapshot by Andreas Englund.
9:13 of 2nd period - Stopped by Louis Domingue with a rebound.
9:15 of 2nd period - Snap shot by Riley Barber.
9:15 of 2nd period - Shot Misses the Net.
9:51 of 2nd period - Slapshot by Robbie Earl.
9:51 of 2nd period - Stopped by Niklas Svedberg with a rebound.
9:53 of 2nd period - Slapshot by Jordan Schmaltz.
9:53 of 2nd period - Stopped by Niklas Svedberg without a rebound.
9:54 of 2nd period - Zack Hamill wins face-off versus Scott Laughton in Carnivores zone.
10:26 of 2nd period - Snap shot by Zack Hamill.
10:26 of 2nd period - Stopped by Niklas Svedberg with a rebound.
10:46 of 2nd period - Wrist shot by Carter Ashton.
10:46 of 2nd period - Stopped by Niklas Svedberg without a rebound.
10:47 of 2nd period - Andreas Athanasiou wins face-off versus Scott Laughton in Carnivores zone.
11:12 of 2nd period - Adam Pelech is hit by Markus Granlund and loses puck.
12:11 of 2nd period - Jordan Schmaltz is hit by Mat Clark and loses puck.
12:32 of 2nd period - Slapshot by Madison Bowey.
12:32 of 2nd period - Stopped by Niklas Svedberg with a rebound.
12:34 of 2nd period - Slapshot by Jordan Schmaltz.
12:34 of 2nd period - Shot Blocked by Tony DeAngelo.
12:36 of 2nd period - Slapshot by Jordan Schmaltz.
12:36 of 2nd period - Stopped by Niklas Svedberg with a rebound.
12:38 of 2nd period - Snap shot by Radek Faksa.
12:38 of 2nd period - Shot Blocked by Tony DeAngelo.
12:40 of 2nd period - Snap shot by Radek Faksa.
12:40 of 2nd period - Stopped by Niklas Svedberg without a rebound.
12:41 of 2nd period - Zack Hamill wins face-off versus Scott Laughton in Carnivores zone.
12:45 of 2nd period - Icing by Mat Clark.
12:46 of 2nd period - Zack Hamill wins face-off versus Scott Laughton in Carnivores zone.
13:01 of 2nd period - Snap shot by Chris Lawrence.
13:01 of 2nd period - Stopped by Louis Domingue without a rebound.
13:02 of 2nd period - Andreas Athanasiou wins face-off versus Markus Granlund in Punishers zone.
13:18 of 2nd period - Slapshot by Garret Ross.
13:18 of 2nd period - Shot Misses the Net.
13:45 of 2nd period - Icing by Tony DeAngelo.
13:46 of 2nd period - Scott Laughton wins face-off versus Radek Faksa in Carnivores zone.
13:55 of 2nd period - Wrist shot by Tyler Bertuzzi.
13:55 of 2nd period - Shot Blocked by David Fischer.
13:57 of 2nd period - Snap shot by Radek Faksa.
13:57 of 2nd period - Shot Misses the Net.
13:59 of 2nd period - Snap shot by Tyler Bertuzzi.
13:59 of 2nd period - Shot Blocked by Markus Granlund.
14:01 of 2nd period - Slapshot by Tyler Bertuzzi.
14:01 of 2nd period - Stopped by Niklas Svedberg with a rebound.
14:07 of 2nd period - Minor Penalty to Jeremy Welsh for Roughing.
14:08 of 2nd period - Anton Gustafsson wins face-off versus Miikka Salomaki in Carnivores zone.
15:54 of 2nd period - Zack Hamill is hit by Mark McNeill and loses puck.
16:07 of 2nd period - Penalty to Jeremy Welsh is over, Jeremy Welsh is back on ice.
16:10 of 2nd period - Icing by Garret Ross.
16:11 of 2nd period - Andreas Athanasiou wins face-off versus Curtis Lazar in Punishers zone.
16:11 of 2nd period - Andreas Athanasiou is hit by David Fischer.
16:19 of 2nd period - Minor Penalty to Riley Barber for Hooking.
16:20 of 2nd period - Anton Gustafsson wins face-off versus Zack Hamill in Carnivores zone.
16:33 of 2nd period - Wrist shot by Zack Hamill.
16:33 of 2nd period - Goal by Zack Hamill - Carnivores : 5 - Punishers : 4.
16:34 of 2nd period - Scott Laughton wins face-off versus Zack Hamill in neutral zone.
16:37 of 2nd period - Snap shot by Chris Lawrence.
16:37 of 2nd period - Shot Misses the Net.
16:59 of 2nd period - David Fischer is hit by Andreas Athanasiou and loses puck.
17:10 of 2nd period - Slapshot by Garret Ross.
17:10 of 2nd period - Stopped by Niklas Svedberg without a rebound.
17:11 of 2nd period - Blake Geoffrion wins face-off versus Zack Hamill in Carnivores zone.
17:18 of 2nd period - Slapshot by Blake Geoffrion.
17:18 of 2nd period - Stopped by Louis Domingue with a rebound.
17:20 of 2nd period - Wrist shot by Scott Laughton.
17:20 of 2nd period - Deflect By Zack Hamill.
17:20 of 2nd period - Stopped by Louis Domingue without a rebound.
17:21 of 2nd period - Chris Lawrence wins face-off versus Zack Hamill in Punishers zone.
17:28 of 2nd period - Slapshot by Chris Lawrence.
17:28 of 2nd period - Stopped by Louis Domingue without a rebound.
17:29 of 2nd period - Scott Laughton wins face-off versus Zack Hamill in Punishers zone.
17:32 of 2nd period - Wrist shot by Blake Geoffrion.
17:32 of 2nd period - Deflect By Slava Voynov.
17:32 of 2nd period - Stopped by Louis Domingue without a rebound.
17:33 of 2nd period - Scott Laughton wins face-off versus Robbie Earl in Punishers zone.
17:44 of 2nd period - Snap shot by Chris Lawrence.
17:44 of 2nd period - Shot Blocked by Slava Voynov.
17:46 of 2nd period - Slapshot by Blake Geoffrion.
17:46 of 2nd period - Shot Misses the Net.
17:48 of 2nd period - Slapshot by Mat Clark.
17:48 of 2nd period - Shot Misses the Net.
18:03 of 2nd period - Jeremy Welsh is hit by Andreas Athanasiou and loses puck.
18:11 of 2nd period - Snap shot by Garret Ross.
18:11 of 2nd period - Shot Hit the Post.
18:17 of 2nd period - Minor Penalty to Mattias Backman for Boarding.
18:18 of 2nd period - Zack Hamill wins face-off versus Anton Gustafsson in Carnivores zone.
19:40 of 2nd period - Snap shot by Mark McNeill.
19:40 of 2nd period - Shot Misses the Net.
Goals for this period are 1 for Carnivores vs 2 for Punishers.
Shots for this period are 12 for Carnivores vs 12 for Punishers.
3rd period
0:01 of 3rd period - Zack Hamill wins face-off versus Anton Gustafsson in neutral zone.
0:17 of 3rd period - Penalty to Mattias Backman is over, Mattias Backman is back on ice.
0:24 of 3rd period - Slava Voynov is hit by Mattias Backman and loses puck.
0:43 of 3rd period - Slapshot by Anton Gustafsson.
0:43 of 3rd period - Shot Misses the Net.
0:45 of 3rd period - Wrist shot by Anton Gustafsson.
0:45 of 3rd period - Shot Blocked by Zack Hamill.
0:47 of 3rd period - Slapshot by Andreas Englund.
0:47 of 3rd period - Stopped by Louis Domingue with a rebound.
2:12 of 3rd period - Snap shot by Anton Gustafsson.
2:12 of 3rd period - Stopped by Louis Domingue without a rebound.
2:13 of 3rd period - Joel Armia wins face-off versus Andreas Athanasiou in Punishers zone.
2:48 of 3rd period - Snap shot by Radek Faksa.
2:48 of 3rd period - Stopped by Niklas Svedberg with a rebound.
3:04 of 3rd period - Slapshot by John Quenneville.
3:04 of 3rd period - Shot Misses the Net.
3:06 of 3rd period - Slapshot by Adam Pelech.
3:06 of 3rd period - Stopped by Niklas Svedberg without a rebound.
3:07 of 3rd period - Curtis Lazar wins face-off versus Andreas Athanasiou in Carnivores zone.
3:07 of 3rd period - Curtis Lazar is hit by Dylan DeMelo.
3:10 of 3rd period - Penalty Shot by Tony DeAngelo for Carnivores.
3:10 of 3rd period - Backhand shot by Tony DeAngelo.
3:10 of 3rd period - Goal by Tony DeAngelo - Carnivores : 6 - Punishers : 4.
3:11 of 3rd period - Markus Granlund wins face-off versus Andreas Athanasiou in neutral zone.
3:12 of 3rd period - Andreas Athanasiou wins face-off versus Markus Granlund in Carnivores zone.
3:37 of 3rd period - Slava Voynov is hit by Mat Clark and loses puck.
3:46 of 3rd period - Slapshot by Tyler Bertuzzi.
3:46 of 3rd period - Shot Misses the Net.
4:49 of 3rd period - Snap shot by Zack Hamill.
4:49 of 3rd period - Stopped by Niklas Svedberg without a rebound.
4:50 of 3rd period - Curtis Lazar wins face-off versus Radek Faksa in Carnivores zone.
4:50 of 3rd period - Curtis Lazar is hit by Austen Brassard.
5:16 of 3rd period - Adam Pelech is hit by Scott Laughton and loses puck.
5:25 of 3rd period - Slapshot by Scott Laughton.
5:25 of 3rd period - Shot Misses the Net.
5:39 of 3rd period - Jordan Schmaltz is hit by Oskar Lindblom and loses puck.
5:46 of 3rd period - Slapshot by T.J Brodie.
5:46 of 3rd period - Stopped by Louis Domingue with a rebound.
5:50 of 3rd period - Wrist shot by Anton Gustafsson.
5:50 of 3rd period - Deflect By Oskar Lindblom.
5:50 of 3rd period - Shot Misses the Net.
5:50 of 3rd period - Puck is out of play.
5:51 of 3rd period - Zack Hamill wins face-off versus Scott Laughton in Punishers zone.
5:51 of 3rd period - Zack Hamill is hit by Scott Laughton.
5:57 of 3rd period - Snap shot by Slava Voynov.
5:57 of 3rd period - Shot Blocked by Mattias Backman.
6:03 of 3rd period - Snap shot by Blake Geoffrion.
6:03 of 3rd period - Stopped by Louis Domingue without a rebound.
6:04 of 3rd period - Scott Laughton wins face-off versus Zack Hamill in Punishers zone.
6:30 of 3rd period - Joel Armia is hit by Slava Voynov and loses puck.
6:53 of 3rd period - Radek Faksa is hit by Anton Gustafsson.
6:57 of 3rd period - Slapshot by Madison Bowey.
6:57 of 3rd period - Shot Blocked by Mat Clark.
7:57 of 3rd period - Garret Ross is hit by Jeremy Welsh and loses puck.
8:02 of 3rd period - Snap shot by Joel Armia.
8:02 of 3rd period - Shot Blocked by Slava Voynov.
8:04 of 3rd period - Snap shot by Jeremy Welsh.
8:04 of 3rd period - Shot Blocked by Garret Ross.
8:13 of 3rd period - Icing by Carter Ashton.
8:14 of 3rd period - Andreas Athanasiou wins face-off versus Mark McNeill in Punishers zone.
8:14 of 3rd period - Andreas Athanasiou is hit by Mark McNeill.
8:42 of 3rd period - Wrist shot by Nikita Gusev.
8:42 of 3rd period - Stopped by Niklas Svedberg without a rebound.
8:43 of 3rd period - John Quenneville wins face-off versus Scott Laughton in Carnivores zone.
8:44 of 3rd period - Snap shot by Nikita Gusev.
8:44 of 3rd period - Shot Misses the Net.
8:46 of 3rd period - Slapshot by Jordan Schmaltz.
8:46 of 3rd period - Stopped by Niklas Svedberg without a rebound.
8:47 of 3rd period - Zack Hamill wins face-off versus Scott Laughton in Carnivores zone.
9:50 of 3rd period - Slapshot by Scott Laughton.
9:50 of 3rd period - Stopped by Louis Domingue without a rebound.
9:51 of 3rd period - Andreas Athanasiou wins face-off versus Joel Armia in Punishers zone.
10:18 of 3rd period - Mark McNeill is hit by Radek Faksa and loses puck.
10:23 of 3rd period - Snap shot by Radek Faksa.
10:23 of 3rd period - Stopped by Niklas Svedberg without a rebound.
10:24 of 3rd period - Radek Faksa wins face-off versus Anton Gustafsson in Carnivores zone.
10:37 of 3rd period - Wrist shot by Tyler Bertuzzi.
10:37 of 3rd period - Stopped by Niklas Svedberg with a rebound.
10:39 of 3rd period - Backhand shot by Austen Brassard.
10:39 of 3rd period - Stopped by Niklas Svedberg with a rebound.
10:57 of 3rd period - Joel Armia is hit by John Quenneville and loses puck.
11:15 of 3rd period - Minor Penalty to Joel Armia for Hooking.
11:16 of 3rd period - Anton Gustafsson wins face-off versus Zack Hamill in Carnivores zone.
12:05 of 3rd period - Snap shot by Chris Lawrence.
12:05 of 3rd period - Stopped by Louis Domingue with a rebound.
12:35 of 3rd period - Snap shot by Garret Ross.
12:35 of 3rd period - Shot Misses the Net.
12:37 of 3rd period - Slapshot by Adam Pelech.
12:37 of 3rd period - Stopped by Niklas Svedberg with a rebound.
13:12 of 3rd period - Off-side.
13:13 of 3rd period - Markus Granlund wins face-off versus Robbie Earl in neutral zone.
13:15 of 3rd period - Penalty to Joel Armia is over, Joel Armia is back on ice.
13:43 of 3rd period - David Fischer is hit by Jordan Schmaltz and loses puck.
14:02 of 3rd period - Radek Faksa is hit by David Fischer and loses puck.
14:15 of 3rd period - Minor Penalty to John Quenneville for Hooking.
14:16 of 3rd period - Markus Granlund wins face-off versus Zack Hamill in Punishers zone.
14:32 of 3rd period - Slapshot by Tony DeAngelo.
14:32 of 3rd period - Shot Hit the Post.
15:55 of 3rd period - Slapshot by Tony DeAngelo.
15:55 of 3rd period - Shot Misses the Net.
16:11 of 3rd period - Wrist shot by Markus Granlund.
16:11 of 3rd period - Shot Misses the Net.
16:15 of 3rd period - Penalty to John Quenneville is over, John Quenneville is back on ice.
16:27 of 3rd period - Snap shot by John Quenneville.
16:27 of 3rd period - Stopped by Niklas Svedberg without a rebound.
16:28 of 3rd period - Anton Gustafsson wins face-off versus Radek Faksa in Carnivores zone.
16:53 of 3rd period - Chris Lawrence is hit by Andreas Athanasiou and loses puck.
17:08 of 3rd period - Minor Penalty to Andreas Athanasiou for Hooking.
17:09 of 3rd period - Blake Geoffrion wins face-off versus Zack Hamill in Punishers zone.
17:44 of 3rd period - Madison Bowey is hit by Scott Laughton and loses puck.
18:34 of 3rd period - Nicolas Kerdiles is hit by Adam Pelech and loses puck.
19:08 of 3rd period - Penalty to Andreas Athanasiou is over, Andreas Athanasiou is back on ice.
19:54 of 3rd period - Minor Penalty to Markus Granlund for Hooking.
19:55 of 3rd period - Anton Gustafsson wins face-off versus Andreas Athanasiou in Carnivores zone.
Goals for this period are 1 for Carnivores vs 0 for Punishers.
Shots for this period are 6 for Carnivores vs 10 for Punishers.
Back to the Top